 Dungeon Crawl Stone Soup version bcrawl-1.12-11-gb93c957c58 (webtiles) character file.

Game seed: 15152589544856504111

224 JarielCorvus the Magician (level 6, -4/38 HPs)
             Began as an Avariel Reaver on June 30, 2019.
             Was a Believer of Vehumet.
             Shot with an arrow by a centaur (14 damage)
             ... on level 4 of the Dungeon.
             The game lasted 00:14:09 (3831 turns).

JarielCorvus the Magician (Avariel Reaver)          Turns: 3831, Time: 00:14:10

Health: -4/38      AC:  5    Str: 10    XL:     6   Next: 0%
Magic:  14/14      EV: 14    Int: 21    God:    Vehumet [**....]
Gold:   248        SH:  1    Dex: 11    Spells: 13/14 levels left

rFire    . . .     SeeInvis .   a - +0 long sword
rCold    . . .     Gourm    .   (no shield)
rNeg     . . .     Faith    .   b - +0 steam dragon scales
rPois    .         Spirit   .   (no helmet)
rElec    .         Reflect  .   (no cloak)
rCorr    .         Harm     .   (no gloves)
MR       .....                  (no boots)
Stlth    +.........             (no amulet)
HPRegen  0.12/turn              (no ring)
MPRegen  0.14/turn              (no ring)

@: no status effects
A: no striking features
a: Renounce Religion


You were on level 4 of the Dungeon.
You worshipped Vehumet.
Vehumet was pleased with you.
You were not hungry.

You visited 1 branch of the dungeon, and saw 4 of its levels.

You collected 248 gold pieces.

Inventory:

Hand Weapons
 a - a +0 long sword (weapon)
 e - a +0 dagger of draining
Armour
 b - +0 steam dragon scales (worn)
Jewellery
 l - an uncursed ring of resist corrosion
 q - a cursed +4 ring of intelligence {unknown}
 t - a cursed amulet of guardian spirit
Scrolls
 d - 2 scrolls of immolation
 n - a scroll of amnesia
 o - a scroll of remove curse
Potions
 c - 2 potions of haste
 g - 5 potions of curing {unknown}
 h - 2 potions of mutation {unknown}
 i - a potion of brilliance {unknown}
 j - 2 potions of degeneration {unknown}
 k - a potion of agility {unknown}
 m - 2 potions of magic {unknown}
 p - a potion of might
 r - 2 potions of cancellation {unknown}
Comestibles
 f - 3 rations {!d}


   Skills:
 * Level 3.9 Fighting
 + Level 4.0 Long Blades
 * Level 4.5 Dodging
 * Level 4.6 Spellcasting


You had 13 spell levels left.
You knew the following spells:

 Your Spells              Type           Power        Failure   Level  Hunger
a - Magic Dart            Conj           #...         12%         1    None

Your spell library contained the following spells:

 Spells                   Type           Power        Failure   Level  Hunger
 Sandblast                Erth           #.....       12%         1    None
 Iskenderun's Battlesphe  Conj/Chrm      #.......     97%         5    ######.


Dungeon Overview and Level Annotations

Branches:
Dungeon (4/12)
 Temple: D:4-7

Altars:
Ashenzari
Cheibriados
Gozag
Hepliaklqana
Wu Jian
Yredelemnul
Zin
The Shining One


Message History

Moving in this stuff is going to be slow.
Things that are here:
a +0 hand axe; a +0 ring mail
There is a stone staircase leading down here.
You climb downwards.
Found a viscous golden potion.
There is a stone staircase leading up here.
r - 2 viscous golden potions (gained 1)
f - 3 rations {!d} (gained 1)
A centaur comes into view.
You see here a scroll of teleportation.
The centaur shouts!
The centaur wields a +0 shortbow.
The centaur shoots an arrow.
The arrow closely misses you.
The centaur shoots an arrow.
The arrow hits you!
The centaur shoots an arrow.
The arrow hits you!
* * * LOW HITPOINT WARNING * * *
You see here a scroll of teleportation.
The centaur shoots an arrow.
The arrow hits you!
You die...

#.. #.#
#.# #c#
#c# ##.##
##...##
##.#.#.##
#<##.##@#
#.##...?#
#.#####.#
##. ..# #
.#.#
###.# #.#
#.# #.#


You could see a centaur.

Vanquished Creatures
  Terence (D:3)
  2 orc wizards (D:3)
  4 adders (D:3)
  2 worms (D:2)
  3 dart slugs
  5 leopard geckos
  7 orcs (D:3)
  7 bats
  13 giant cockroaches
  3 goblins
  7 hobgoblins
  8 jackals (D:2)
  4 frilled lizards
  10 kobolds
  5 rats
81 creatures vanquished.

Notes
Turn   | Place    | Note
-------+----------+-------------------------------------------
     0 | D:1      | JarielCorvus the Avariel Reaver began the quest for the
                  | Orb.
     0 | D:1      | Reached XP level 1. HP: 13/13 MP: 6/6
    77 | D:1      | Reached XP level 2. HP: 18/18 MP: 7/7
   798 | D:1      | Reached XP level 3. HP: 23/23 MP: 9/9
  1142 | D:2      | Reached * piety under Vehumet
  1142 | D:2      | Offered knowledge of Magic Dart by Vehumet.
  1552 | D:2      | Reached XP level 4. HP: 18/28 MP: 11/11
  1639 | D:2      | Found a basalt altar of Yredelemnul.
  2438 | D:2      | Found a shattered altar of Ashenzari.
  2536 | D:3      | Found an ornate altar of the Wu Jian Council.
  2536 | D:3      | Found an opulent altar of Gozag.
  2539 | D:3      | Learned a level 1 spell: Magic Dart
  2581 | D:3      | Found a glowing golden altar of the Shining One.
  2698 | D:3      | Reached XP level 5. HP: 22/32 MP: 10/13
  2866 | D:3      | Found a faded altar of an unknown god.
  2907 | D:3      | Noticed Terence
  3218 | D:3      | Killed Terence
  3218 | D:3      | Offered knowledge of Sandblast by Vehumet.
  3269 | D:3      | Found a snail-covered altar of Cheibriados.
  3270 | D:3      | Found a glowing silver altar of Zin.
  3402 | D:3      | Reached ** piety under Vehumet
  3741 | D:3      | Found a hazy altar of Hepliaklqana.
  3752 | D:3      | Reached XP level 6. HP: 24/38 MP: 14/14
  3831 | D:4      | Shot with an arrow by a centaur

Skill      XL: |  1  2  3  4  5 |
---------------+----------------+-----
Spellcasting   | 3 4 |  4.6
Fighting       | 3 |  3.9
Dodging        | 4 |  4.5
Long Blades    | 4 |  4.0

Action                   |  1- 3 |  4- 6 || total
-------------------------+-------+-------++-------
Melee: Long sword        |   174 |   203 ||   377
 Cast: Magic Dart        |       |    12 ||    12
  Use: Scroll            |       |     5 ||     5
  Eat: Chunk             |     2 |     8 ||    10
Armor: Steam dragon scal |    85 |    39 ||   124
Dodge: Dodged            |   170 |   125 ||   295
Block: Other             |     2 |     5 ||     7
